Map: New Repugnancy LE

Players

Gemini

  • Race: Protoss Protoss
  • League: Grandmaster
  • Spawn Location: 7:00

A.I. 1 (Very Easy) - Winner!

  • Race: Terran Terran
  • Spawn Location: 1:00

VOD

Have the link to the VOD?

Description

Time

  • Played on: June 3, 2019, 11:13 a.m.
  • Length: 8:37
Show
View Real Time Build Order
Export as new Build Order

Gemini Protoss 

Build Orders: 1 Gate Expand, Double Forge, Blink Stalkers 

Get SALT Encoding   

  12  0:00  Probe  
  13  0:12  Probe  
  14  0:17  Pylon  
  14  0:24  Probe  
  15  0:32  Probe  
  15  0:37  Gateway  
  15  0:40  Probe  
  16  0:46  Assimilator  
  17  0:51  Probe  
  18  1:03  Probe  
  19  1:15  Probe  
  20  1:25  Cybernetics Core  
  20  1:34  Nexus  
  20  1:40  Pylon  
  20  1:43  Probe  
  21  1:48  Assimilator  
  21  1:52  Adept  
  21  1:55  Probe  
  22  2:02  Warp Gate  
  22  2:07  Probe  
  25  2:12  Adept  
  25  2:19  Probe  
  28  2:31  Twilight Council  
  28  2:33  Probe  
  29  2:41  Stalker  
  31  2:45  Probe x2  
  33  2:53  Probe  
  33  2:58  Blink, Probe  
  35  3:03  Probe  
  35  3:10  Probe  
  37  3:16  Probe  
  38  3:21  Probe  
  38  3:23  Robotics Facility  
  39  3:28  Probe  
  39  3:29  Probe  
  41  3:38  Probe  
  41  3:39  Gateway  
  41  3:40  Probe, Gateway  
  43  3:50  Probe  
  43  3:52  Probe, Pylon  
  45  4:12  Nexus  
  45  4:13  Observer, Pylon  
  45  4:16  Probe x2  
  48  4:18  Stalker  
  48  4:21  Assimilator  
  50  4:27  Observer  
  50  4:28  Probe x2  
  52  4:34  Stalker x2  
  52  4:37  Pylon  
  57  4:45  Stalker  
  59  4:55  Forge  
  59  4:58  Forge, Stalker x2  
  63  5:00  Pylon  
  63  5:08  Observer  
  63  5:09  Charge  
  63  5:10  Stalker  
  66  5:19  Probe  
  66  5:20  Probe  
  68  5:24  Probe  
  69  5:29  Protoss Ground Weapons Level 1  
  69  5:30  Protoss Ground Armor Level 1  
  69  5:31  Probe  
  69  5:32  Probe  
  71  5:36  Probe  
  72  5:43  Probe  
  72  5:44  Probe  
  72  5:48  Probe  
  75  5:55  Gateway  
  75  5:56  Probe, Gateway x2  
  77  5:57  Probe  
  77  6:00  Probe, Sentry, Gateway  
  77  6:01  Gateway  
  77  6:04  Pylon  
  80  6:08  Probe, Pylon  
  80  6:09  Probe  
  82  6:12  Probe  
  82  6:14  Immortal  
  87  6:20  Probe  
  87  6:21  Probe  
  87  6:24  Probe  
  87  6:25  Pylon  
  90  6:29  Pylon  
  90  6:32  Probe  
  91  6:33  Probe  
  91  6:39  Assimilator  
  92  6:40  Assimilator x2  
  92  6:46  Robotics Bay  
  92  6:47  Zealot x3  
  92  6:50  Robotics Facility  
  98  6:59  Pylon  
  98  7:01  Immortal  
  98  7:02  Pylon  
  98  7:05  Observer  
  102  7:10  Probe x2  
  102  7:14  Pylon x2  
  102  7:15  Zealot x3  
  110  7:21  Probe  
  112  7:22  Probe  
  112  7:30  Colossus x2  
  112  7:36  Pylon  
  124  7:46  Probe x3  
  124  7:50  Zealot x3  
  133  7:58  Probe  
  133  8:00  Nexus  
  133  8:03  Pylon  
  134  8:21  Stalker x2  
  134  8:22  Stalker  
  152  8:31  Zealot x3  
  152  8:32  Zealot  
  160  8:36  Pylon  
Show
View Real Time Build Order
Export as new Build Order

A.I. 1 (Very Easy) Terran - Winner!

Build Orders:  

Get SALT Encoding   

  12  0:00  SCV  
  13  0:13  SCV  
  14  0:18  Supply Depot  
  14  0:37  Refinery  
  14  0:42  Barracks  
  14  1:05  Supply Depot  
  14  1:13  Refinery  
  14  1:29  Marine  
  14  1:31  Orbital Command  
  15  1:57  SCV  
  16  2:09  SCV  
  17  2:15  Barracks Tech Lab  
  17  2:21  SCV  
  18  2:33  SCV  
  18  2:34  Marauder  
  21  2:45  SCV  
  22  2:57  SCV  
  23  3:19  Marine  
  24  5:01  SCV  
  24  5:38  Marine  
  21  5:52  Supply Depot  
  21  6:08  Marauder  
  22  6:31  SCV  
  19  6:36  Marine  
  20  6:43  SCV  
  20  6:44  Factory  
  20  6:46  Supply Depot  
  21  6:49  Command Center  
  21  6:55  SCV  
  21  7:05  Marauder  
  21  7:07  SCV  
  24  7:20  SCV  
  25  7:29  Starport  
  25  7:32  SCV  
  25  7:33  Marauder  
  28  7:44  SCV  
  29  8:02  SCV  
  30  8:08  Marine  
  30  8:09  SCV  
  30  8:10  Refinery, Starport Tech Lab  
  30  8:11  Refinery  
  32  8:17  SCV  
  33  8:24  SCV  
Tags
 
Add a new tag
Caveats
  • Supply blocks, unpowered buildings, or Contaminate may cause inaccurate times.
  • Supply counts are checked every 10 seconds.